Map: Dusk Towers

Players

HolyHit - Winner!

  • Race: Protoss Protoss
  • League: Master

Kratoss

  • Race: Zerg Zerg
  • League: Master

Event: Gauntlet LotV Series 1 Qualifier 1

VOD

Have the link to the VOD?

Description

Time

  • Played on: Nov. 22, 2015, 4:15 p.m.
  • Length: 9:14

All games in this series

Show
View Real Time Build Order
Export as new Build Order

HolyHit Protoss - Winner!

Build Orders: Nexus First, Oracle Opening 

Get SALT Encoding   

  12  0:01  Probe (Chrono Boost)  
  13  0:11  Probe (Chrono Boost)  
  14  0:18  Pylon  
  14  0:22  Probe (Chrono Boost)  
  15  0:37  Probe (Chrono Boost)  
  16  0:47  Probe (Chrono Boost)  
  17  0:57  Nexus  
  17  1:07  Gateway  
  17  1:10  Probe (Chrono Boost)  
  18  1:16  Assimilator  
  18  1:20  Probe (Chrono Boost)  
  18  1:25  Assimilator  
  19  1:31  Probe (Chrono Boost)  
  20  1:35  Gateway  
  20  1:42  Probe (Chrono Boost)  
  21  1:52  Probe (Chrono Boost)  
  22  1:56  Cybernetics Core  
  22  2:03  Probe (Chrono Boost)  
  23  2:10  Probe (Chrono Boost)  
  23  2:13  Probe (Chrono Boost)  
  25  2:21  Probe (Chrono Boost)  
  26  2:24  Probe (Chrono Boost)  
  27  2:31  Probe (Chrono Boost)  
  27  2:32  Adept (Chrono Boost)  
  27  2:33  Adept (Chrono Boost)  
  27  2:34  Probe, Warp Gate (Chrono Boost)  
  33  2:43  Mothership Core  
  35  2:46  Probe  
  36  2:54  Pylon  
  37  2:58  Probe  
  37  3:04  Probe, Stargate  
  39  3:13  Probe, Adept (Chrono Boost), Pylon  
  39  3:15  Adept (Chrono Boost)  
  39  3:18  Probe  
  43  3:25  Probe  
  44  3:30  Probe  
  45  3:38  Probe  
  46  3:42  Probe  
  46  3:46  Oracle  
  47  3:50  Probe  
  47  3:54  Probe  
  48  3:55  Assimilator  
  48  3:57  Adept x2  
  48  3:59  Assimilator  
  48  4:02  Probe, Gateway  
  53  4:06  Probe, Pylon  
  54  4:19  Forge  
  56  4:24  Probe x2  
  56  4:31  Pylon  
  56  4:35  Sentry x2  
  56  4:36  Probe x2  
  62  4:43  Pylon  
  62  4:46  Phoenix  
  62  4:49  Probe x2  
  66  4:56  Nexus  
  66  4:57  Pylon  
  66  4:59  Sentry x2  
  70  5:01  Probe x2  
  70  5:04  Protoss Ground Weapons Level 1 (Chrono Boost)  
  72  5:10  Sentry  
  72  5:14  Probe  
  75  5:17  Photon Cannon  
  75  5:20  Pylon  
  75  5:22  Gateway  
  75  5:24  Gateway  
  75  5:25  Sentry  
  75  5:26  Sentry  
  79  5:29  Probe x2  
  81  5:41  Probe  
  82  5:43  Probe  
  82  5:47  Robotics Facility  
  83  5:50  Twilight Council  
  83  6:00  Stalker x3  
  83  6:01  Probe x2  
  91  6:13  Probe  
  91  6:14  Probe  
  93  6:20  Probe  
  94  6:25  Probe  
  94  6:28  Probe  
  94  6:32  Sentry x3  
  98  6:37  Blink (Chrono Boost)  
  98  6:38  Probe  
  102  6:40  Probe x2  
  102  6:42  Assimilator  
  102  6:46  Assimilator  
  105  6:49  Probe  
  106  7:06  Stalker  
  108  7:09  Protoss Ground Weapons Level 2 (Chrono Boost)  
  108  7:10  Pylon  
  108  7:13  Pylon  
  108  7:15  Pylon  
  108  7:17  Pylon  
  108  7:18  Pylon  
  108  7:21  Gateway  
  108  7:24  Gateway  
  108  7:26  Warp Prism  
  108  7:34  Robotics Bay  
  108  7:35  Gateway  
  108  7:37  Gateway  
  108  7:41  Stalker x4, Probe, Pylon  
  108  7:42  Stalker, Probe x2  
  121  7:44  Pylon  
  121  7:54  Probe  
  121  7:55  Probe  
  123  7:59  Observer  
  99  8:31  Sentry  
  99  8:32  Sentry x3  
  99  8:33  Probe  
  102  8:37  Stalker  
  102  8:38  Observer  
  102  8:40  Pylon  
  105  8:43  Stalker x3  
  111  9:00  Stalker x5  
Show
View Real Time Build Order
Export as new Build Order

Kratoss Zerg 

Build Orders: Hatch First, Lurkers 

Get SALT Encoding   

  12  0:04  Drone  
  13  0:15  Overlord  
  13  0:18  Drone  
  14  0:34  Drone x2  
  16  0:38  Drone  
  17  0:54  Hatchery  
  17  0:55  Drone  
  17  0:59  Drone  
  18  1:13  Spawning Pool  
  18  1:15  Drone  
  18  1:18  Extractor  
  18  1:21  Drone  
  18  1:31  Drone  
  19  1:47  Overlord  
  19  1:52  Drone  
  20  1:59  Queen  
  22  2:06  Queen  
  22  2:08  Drone  
  25  2:09  Drone  
  25  2:15  Drone  
  27  2:19  Drone  
  27  2:21  Metabolic Boost  
  28  2:26  Zergling x2  
  28  2:29  Zergling x2  
  30  2:35  Drone, Queen  
  33  2:42  Overlord  
  33  2:53  Queen  
  33  2:54  Overlord  
  33  2:56  Overlord  
  33  2:57  Drone  
  36  3:01  Drone  
  37  3:07  Drone  
  37  3:09  Drone x2  
  40  3:13  Drone x2  
  40  3:17  Drone  
  43  3:21  Drone  
  43  3:22  Drone  
  43  3:25  Drone  
  43  3:26  Drone  
  43  3:52  Spore Crawler  
  43  3:53  Spore Crawler  
  43  3:55  Drone x3  
  42  3:56  Lair  
  42  3:57  Drone x3  
  45  4:03  Drone x2  
  46  4:16  Extractor x2  
  44  4:17  Drone  
  44  4:18  Drone  
  44  4:23  Drone  
  47  4:24  Drone x3  
  47  4:27  Overlord  
  47  4:28  Hatchery  
  49  4:35  Drone  
  49  4:36  Queen  
  49  4:37  Drone  
  53  4:40  Drone  
  53  4:41  Drone  
  55  4:57  Drone  
  55  4:58  Drone  
  55  4:59  Evolution Chamber  
  56  5:00  Drone  
  56  5:01  Drone x3, Hydralisk Den, Extractor  
  58  5:10  Drone x2  
  58  5:11  Drone  
  61  5:16  Overlord  
  61  5:17  Overlord  
  61  5:19  Drone  
  61  5:20  Drone x2  
  63  5:29  Lurker Den  
  63  5:31  Drone  
  63  5:32  Drone  
  65  5:44  Spore Crawler  
  65  5:49  Zergling x18  
  73  5:55  Hydralisk x2  
  75  5:58  Hydralisk  
  75  6:01  Pneumatized Carapace  
  75  6:03  Overlord  
  77  6:06  Hydralisk x2  
  81  6:18  Hydralisk x3  
  76  6:21  Overlord x2  
  77  6:34  Overlord x4  
  77  6:42  Drone x5  
  77  6:44  Drone x2  
  82  6:56  Drone x3  
  84  7:06  Extractor  
  84  7:07  Hatchery, Extractor  
  81  7:10  Lurker x6  
  81  7:14  Overlord  
  87  7:19  Drone x2  
  87  7:20  Drone x2  
  87  7:22  Drone x2  
  93  7:23  Hatchery  
  91  7:31  Queen x2  
  91  7:32  Drone  
  90  7:47  Hydralisk x3  
  90  7:48  Zergling x6  
  90  7:50  Zergling x2  
  90  7:51  Zergling x2  
  101  7:52  Zergling x2  
  102  8:18  Hydralisk x4  
  102  8:19  Zergling x2  
  84  8:34  Hydralisk x2  
  84  8:35  Hydralisk, Zergling x4  
  84  8:41  Drone x2, Spire  
  93  8:42  Drone, Infestation Pit  
  93  8:43  Drone  
Tags
 
Add a new tag
Caveats
  • Supply blocks, unpowered buildings, or Contaminate may cause inaccurate times.
  • Supply counts are checked every 10 seconds.